 Dungeon Crawl Stone Soup version 0.19.5 (webtiles) character file.

105843 theElss the Eclecticist (level 15, 0/88 HPs)
             Began as a Deep Elf Conjurer on Apr 23, 2017.
             Was the Champion of Vehumet.
             Slain by a troll (12 damage)
             ... led by an orc high priest
             ... on level 1 of the Orcish Mines on Apr 24, 2017.
             The game lasted 02:25:26 (31627 turns).

theElss the Eclecticist (Deep Elf Conjurer)        Turns: 31627, Time: 02:25:27

Health: 0/88       AC: 10    Str:  6    XL:     15   Next: 95%
Magic:  3/63       EV: 14    Int: 26    God:    Vehumet [******]
Gold:   1672       SH:  5    Dex: 15    Spells: 12 memorised, 6 levels left

rFire  + + +     SeeInvis +     J - staff of power
rCold  . . .     Gourm    .     B - +2 leather armour {rF+}
rNeg   . . .     Faith    .     E - +0 buckler
rPois  +         Spirit   .     K - +2 hat of the Salamander {-Tele rPois rF++}
rElec  .         Reflect  .     D - +0 cloak
rCorr  .         Harm     .     W - +0 pair of gloves
MR     +....     NoTele   +     (no boots)
Stlth  ++........               e - amulet of magic regeneration
                                N - ring of magical power
                                U - ring of see invisible

@: delayed fireball, repel missiles
A: no striking features
a: Renounce Religion, Release Delayed Fireball


You were on level 1 of the Orcish Mines.
You worshipped Vehumet.
Vehumet was exalted by your worship.
You were not hungry.

You visited 4 branches of the dungeon, and saw 24 of its levels.
You also visited: Ice Cave and Volcano.

You collected 1924 gold pieces.
You spent 252 gold pieces at shops.

Inventory:

Hand Weapons
 a - the +7 battleaxe of the Salmon {speed, rPois rC- Int+4 SInv}
   (You found it in an ice cave)

   Attacks with this weapon are significantly faster.
   It affects your intelligence (+4).
   It makes you vulnerable to cold.
   It protects you from poison.
   It lets you see invisible.
 g - a +2 short sword of venom
Armour
 B - a +2 leather armour of fire resistance (worn)
 D - a +0 cloak (worn)
 E - a +0 buckler (worn)
 K - the +2 hat of the Salamander (worn) {-Tele rPois rF++}
   (You found it on level 6 of the Lair of Beasts)

   It greatly protects you from fire.
   It protects you from poison.
   It prevents most forms of teleportation.
 R - a +1 helmet
 W - a +0 pair of gloves (worn)
Magical Staves
 J - an uncursed staff of power (weapon)
Jewellery
 e - an amulet of magic regeneration (around neck)
 p - a +4 ring of strength
 F - an uncursed ring of positive energy
 M - an uncursed ring of protection from magic
 N - a ring of magical power (right hand)
 U - a ring of see invisible (left hand)
Wands
 k - a wand of hasting (3/9)
 y - a wand of flame (25/48)
 G - a wand of flame (19/48)
 H - a wand of flame (15/48)
 L - a wand of lightning (3/15)
 T - a wand of teleportation (3/9)
 V - a wand of teleportation (2/9)
 X - a wand of heal wounds (4/9)
 Z - a wand of teleportation (3/9)
Scrolls
 b - 3 scrolls of magic mapping
 h - 8 scrolls of remove curse
 j - 7 scrolls of fog
 o - 2 scrolls of recharging
 t - a scroll of summoning {unknown}
 v - a scroll of vulnerability {unknown}
 x - 8 scrolls of teleportation
 P - a scroll of enchant weapon {unknown}
Potions
 d - 7 potions of flight
 i - 9 potions of might
 n - 4 potions of brilliance
 q - 3 potions of agility
 s - 2 potions of cancellation
 w - a potion of magic
 z - 13 potions of curing
 A - 5 potions of haste
 I - a potion of invisibility
Miscellaneous
 l - a lamp of fire
Comestibles
 c - 18 bread rations
 f - 11 meat rations
 m - 5 beef jerkies
 u - 8 slices of pizza
 C - 24 fruits
 O - 11 chunks of flesh


   Skills:
 - Level 8.0 Fighting
 - Level 5.0 Armour
 - Level 5.0 Dodging
 - Level 3.0 Stealth
 - Level 5.0 Shields
 - Level 18.0 Spellcasting
 + Level 15.4 Conjurations
 - Level 1.1 Charms
 + Level 16.1 Fire Magic
 - Level 5.0 Evocations


You had 6 spell levels left.
You knew the following spells:

 Your Spells              Type           Power        Failure   Level  Hunger
a - Magic Dart            Conj           ####         0%          1    None
b - Iskenderun's Battles  Conj/Chrm      ######..     1%          5    None
c - Searing Ray           Conj           ######       0%          2    None
d - Iskenderun's Mystic   Conj           #######.     1%          4    None
e - Conjure Flame         Conj/Fire      #######.     0%          3    None
f - Bolt of Fire          Conj/Fire      #######...   1%          6    ###....
g - Repel Missiles        Chrm/Air       ####..       3%          2    None
h - Blink                 Tloc           N/A          4%          2    None
i - Fulminant Prism       Conj/Hex       ######....   1%          4    None
j - Bolt of Magma         Conj/Fire/Erth ######....   1%          5    None
k - Mephitic Cloud        Conj/Pois/Air  ######..     1%          3    None
l - Delayed Fireball      Conj/Fire      N/A          1%          7    #####..


Dungeon Overview and Level Annotations

Branches:
Dungeon (15/15)            Temple (1/1) D:7            Lair (6/6) D:9
 Shoals (0/4) Lair:4        Snake (0/4) Lair:3        Slime (0/5) Lair:5
    Orc (2/2) D:10            Elf (0/3) Orc:2        Vaults (0/5) D:14
 Depths (0/5) D:15

Altars:
Ashenzari
Cheibriados
Dithmenos
Elyvilon
Fedhas
Gozag
Hepliaklqana
Kikubaaqudgha
Makhleb
Nemelex Xobeh
Okawaru
Qazlal
Ru
Sif Muna
Trog
Uskayaw
Vehumet
Xom
Yredelemnul
Zin
The Shining One
Beogh

Shops:
D:14 }   Orc:2 =

Portals:
Hell: Lair:6

Annotations:
D:5 4 runed doors
Orc:2 Saint Roka


Message History

The orb of energy explodes!
The mystic blast hits the orc sorcerer.
You kill the orc sorcerer!
Vehumet accepts your kill.
You feel your power returning.
The mystic blast hits the orc wizard.
You kill the orc wizard!
Vehumet accepts your kill.
You feel your power returning. The troll closely misses you.
The troll claws you.
* * * LOW HITPOINT WARNING * * *
The troll misses you.
An orc warrior comes into view. It is wielding a mace of protection.
Casting: Iskenderun's Mystic Blast
Confirm with . or Enter, or press ? or * to list all spells.
Aiming: Iskenderun's Mystic Blast
Press: ? - help, Shift-Dir - straight line, f - troll
Aim: a troll The orb of energy hits the troll.
The troll is moderately wounded.
The troll bites you!
You die...

. ...
.....####
#.....)@#
.....)))T#
...##..o)# .
#.....)
##.....o
...)..o.
..........
........##..


You could see a troll, an orc warrior, an orc wizard and an orc.

Vanquished Creatures
  Rupert (Lair:4)
  A frost giant (IceCv)
  An orc warlord (Orc:1)
  3 dire elephants (Lair:6)
  A red draconian (Volcano)
  Snorg (Lair:4)
  Josephine (D:13)
  2 rakshasas (D:15)
  4 vault guards (D:14)
  5 hydras
  3 catoblepae
  2 centaur warriors (D:14)
  A queen ant (Lair:3)
  2 ogre magi
  7 death yaks
  An orc high priest (Orc:1)
  A sixfirhy (Lair:6)
  A salamander mystic (Volcano)
  4 skeletal warriors (D:10)
  3 unseen horrors
  A glowing orange brain (D:15)
  11 hill giants
  Pikel (D:4)
  An orc knight (Orc:1)
  5 orc sorcerers
  5 ugly things
  5 cyclopes
  6 manticores
  2 deep elf magi
  3 salamanders (Volcano)
  A faun (shapeshifter) (D:15)
  The ghost of execc the Quickloader, a novice KoHu of Dithmenos (D:5)
  5 black mambas
  Joseph (D:7)
  2 orange demons (Lair:6)
  A smoke demon (Lair:6)
  12 spiny frogs
  An ice statue (IceCv)
  5 elephants
  A torpor snail (Lair:2)
  A torpor snail (shapeshifter) (D:15)
  A kobold demonologist (D:13)
  A rime drake (Lair:6)
  A freezing wraith (D:14)
  4 ice devils (Lair:6)
  10 komodo dragons
  2 efreet (D:13)
  3 red devils (Lair:6)
  A tengu conjurer (D:13)
  A hellwing (Lair:6)
  7 trolls
  A wind drake (shapeshifter) (D:13)
  A two-headed ogre (Orc:1)
  15 polar bears (IceCv)
  A troll (shapeshifter) (D:15)
  The ghost of miragecloak the Cudgeler, an amateur FoAK of Lugonu (D:15)
  A hornet (D:12)
  7 blink frogs
  7 slime creatures
  12 hippogriffs
  3 dream sheep (Lair:2)
  2 shadows
  A vampire (D:14)
  6 wraiths
  2 wyverns
  4 hogs (D:7)
  A human (D:7)
  38 yaks
  2 vampire mosquitoes (D:13)
  A steam dragon (Lair:2)
  3 basilisks
  Grum (D:9)
  2 chaos spawn (D:9)
  8 hungry ghosts
  12 soldier ants
  A mottled dragon (D:13)
  2 wargs (Orc:1)
  8 water moccasins
  2 hell hounds (D:9)
  5 porcupines
  4 ice beasts
  19 orc warriors
  6 phantoms
  A hornet zombie (D:7)
  A sky beast (D:7)
  2 black bears
  5 eyes of draining
  A sky beast (shapeshifter) (D:14)
  23 ogres
  17 wolves
  11 crocodiles
  11 centaurs
  The ghost of salade2fruit the Bolt Thrower, an amateur KoHu (D:3)
  6 big kobolds
  12 bullfrogs
  A wyvern zombie (D:12)
  A wyvern skeleton (D:12)
  11 scorpions
  15 killer bees
  3 howler monkeys
  20 wights
  9 lava snakes (D:10)
  9 crimson imps
  A bullfrog zombie (D:7)
  6 centaur zombies
  3 quasits
  6 hounds
  11 orc priests
  4 jellies
  22 orc wizards
  7 centaur skeletons
  A gnoll shaman (D:6)
  Ijyb (D:2)
  7 iguanas
  A hell rat (shapeshifter) (D:15)
  44 worker ants
  2 hound zombies
  3 hound skeletons
  2 worker ant zombies
  4 adders
  20 gnolls
  5 shadow imps
  12 white imps (Lair:4)
  An ooze (D:1)
  2 adder zombies
  An adder skeleton (D:5)
  6 dart slugs
  A worm (D:5)
  6 leopard geckos
  107 orcs
  8 giant cockroaches
  25 goblins
  40 hobgoblins
  7 jackals
  34 kobolds
  4 quokkas
  A ball python (D:1)
  A ball python skeleton (D:4)
  6 bats
  6 frilled lizards
  A jackal skeleton (D:5)
  2 quokka skeletons
  7 rats
914 creatures vanquished.

Vanquished Creatures (others)
  A hill giant (D:13)
  A slave (D:4)
  A scorpion (D:4)
  A fulminant prism (Lair:6)
  3 fungi
7 creatures vanquished.

Grand Total: 921 creatures vanquished

Notes
Turn   | Place    | Note
-------+----------+-------------------------------------------
     0 | D:1      | theElss the Deep Elf Conjurer began the quest for the Orb.
     0 | D:1      | Reached XP level 1. HP: 10/10 MP: 6/6
   201 | D:1      | Reached XP level 2. HP: 16/16 MP: 6/8
   205 | D:1      | Learned a level 2 spell: Searing Ray
   484 | D:1      | Reached skill level 5 in Conjurations
   826 | D:1      | Reached XP level 3. HP: 20/20 MP: 5/9
  1172 | D:2      | Noticed Ijyb
  1179 | D:2      | Killed Ijyb
  1179 | D:2      | Reached skill level 1 in Fighting
  1179 | D:2      | Reached skill level 4 in Spellcasting
  1179 | D:2      | Reached XP level 4. HP: 25/25 MP: 4/12
  1230 | D:2      | Learned a level 4 spell: Iskenderun's Mystic Blast
  1729 | D:3      | You fall through a shaft for 3 floors!
  1813 | D:6      | Reached XP level 5. HP: 29/29 MP: 8/13
  1838 | D:6      | Learned a level 5 spell: Iskenderun's Battlesphere
  2147 | D:6      | Reached skill level 5 in Spellcasting
  2147 | D:6      | Reached XP level 6. HP: 19/35 MP: 2/15
  2428 | D:5      | Entered Level 5 of the Dungeon
  2762 | D:4      | Reached skill level 6 in Spellcasting
  2946 | D:3      | Noticed salade2fruit's ghost (amateur KoHu)
  2950 | D:3      | Killed salade2fruit's ghost
  2950 | D:3      | Reached XP level 7. HP: 40/40 MP: 1/18
  3693 | D:4      | Reached skill level 7 in Spellcasting
  3772 | D:4      | Noticed Pikel
  3788 | D:4      | Killed Pikel
  3788 | D:4      | Reached skill level 8 in Spellcasting
  3788 | D:4      | Reached XP level 8. HP: 32/46 MP: 0/22
  4284 | D:5      | Reached skill level 9 in Spellcasting
  4364 | D:5      | Found a large runed door.
  4364 | D:5      | Found a large runed door.
  4384 | D:5      | Noticed a hippogriff
  4387 | D:5      | Killed a hippogriff
  4530 | D:5      | Found a large runed door.
  4530 | D:5      | Found a large runed door.
  4744 | D:5      | Noticed execc's ghost (novice KoHu)
  4863 | D:5      | Killed execc's ghost
  4863 | D:5      | Reached skill level 10 in Spellcasting
  4863 | D:5      | Reached XP level 9. HP: 41/52 MP: 4/25
  5103 | D:5      | Reached skill level 1 in Charms
  5860 | D:5      | Reached skill level 5 in Fighting
  6096 | D:5      | Reached skill level 1 in Armour
  6320 | D:6      | Reached skill level 11 in Spellcasting
  6656 | D:7      | Noticed Joseph
  6833 | D:7      | Found a staircase to the Ecumenical Temple.
  6844 | Temple   | Entered the Ecumenical Temple
  6918 | Temple   | Became a worshipper of Vehumet
  7649 | D:7      | Reached skill level 10 in Conjurations
  7863 | D:7      | Reached XP level 10. HP: 60/60 MP: 5/27
  7884 | D:7      | Reached * piety under Vehumet
  7884 | D:7      | Offered knowledge of Sting by Vehumet.
  8271 | D:7      | Killed Joseph
  8271 | D:7      | Reached skill level 12 in Spellcasting
  8779 | D:7      | Noticed a hill giant
  8784 | D:7      | Killed a hill giant
  9992 | D:9      | Offered knowledge of Sandblast by Vehumet.
 10000 | D:9      | Reached ** piety under Vehumet
 10154 | D:9      | Found a shimmering altar of Xom.
 10226 | D:9      | Noticed Grum
 10234 | D:9      | Reached skill level 13 in Spellcasting
 10247 | D:9      | Killed Grum
 10533 | D:9      | Reached XP level 11. HP: 66/66 MP: 21/30
 10535 | D:9      | Offered knowledge of Conjure Flame by Vehumet.
 10541 | D:9      | Learned a level 3 spell: Conjure Flame
 10701 | D:9      | Reached skill level 1 in Fire Magic
 10855 | D:9      | Found a staircase to the Lair.
 10876 | D:9      | Reached *** piety under Vehumet
 11317 | D:10     | Entered Level 10 of the Dungeon
 11712 | D:10     | Noticed a hill giant
 11716 | D:10     | Killed an unseen horror
 11716 | D:10     | Killed a hill giant
 11716 | D:10     | Offered knowledge of Static Discharge by Vehumet.
 11734 | D:10     | Noticed a hill giant
 11889 | D:10     | Killed a hill giant
 11948 | D:10     | Found a staircase to the Orcish Mines.
 12012 | D:10     | Found a roughly hewn altar of Beogh.
 12185 | D:10     | Reached **** piety under Vehumet
 12225 | D:10     | Noticed a hill giant
 12230 | D:10     | Killed a hill giant
 12230 | D:10     | Reached skill level 14 in Spellcasting
 12311 | D:10     | Offered knowledge of Airstrike by Vehumet.
 12314 | D:10     | Noticed a skeletal warrior
 12317 | D:10     | Noticed a skeletal warrior
 12317 | D:10     | Noticed a skeletal warrior
 12380 | D:10     | Killed a skeletal warrior
 12380 | D:10     | Reached skill level 5 in Fire Magic
 12381 | D:10     | Killed a skeletal warrior
 12395 | D:10     | Killed a skeletal warrior
 12557 | D:10     | Noticed a skeletal warrior
 12563 | D:10     | Killed a skeletal warrior
 12646 | D:10     | Noticed a hill giant
 12650 | D:10     | Killed a hill giant
 12692 | D:10     | Reached XP level 12. HP: 72/72 MP: 32/32
 13262 | D:11     | Found a sacrificial altar of Ru.
 13801 | D:12     | Reached skill level 10 in Fire Magic
 14679 | D:12     | Reached ***** piety under Vehumet
 15106 | D:12     | Offered knowledge of Yara's Violent Unravelling by Vehumet.
 15207 | D:12     | Found a shattered altar of Ashenzari.
 15519 | D:12     | Noticed an eight-headed hydra
 15528 | D:12     | Killed an eight-headed hydra
 16090 | D:13     | Reached XP level 13. HP: 40/76 MP: 14/33
 16296 | D:13     | Noticed Josephine
 16300 | D:13     | Killed Josephine
 16807 | D:13     | Offered knowledge of Irradiate by Vehumet.
 17169 | Lair:1   | Entered Level 1 of the Lair of Beasts
 17250 | Lair:1   | Learned a level 3 spell: Mephitic Cloud
 17253 | Lair:1   | Learned a level 2 spell: Repel Missiles
 17256 | Lair:1   | Learned a level 2 spell: Blink
 17261 | Lair:1   | Learned a level 4 spell: Fulminant Prism
 18148 | Lair:2   | Reached skill level 15 in Fire Magic
 18323 | Lair:2   | Found a dark tunnel.
 18336 | Volcano  | Entered a volcano
 18360 | Volcano  | Noticed a red draconian
 18369 | Volcano  | Killed a red draconian
 19507 | Lair:2   | Got a fine plate armour
 19704 | Lair:3   | Found a staircase to the Snake Pit.
 19932 | Lair:3   | Reached skill level 1 in Evocations
 20060 | Lair:3   | Offered knowledge of Bolt of Magma by Vehumet.
 20067 | Lair:3   | Learned a level 5 spell: Bolt of Magma
 20400 | Lair:3   | Found a glowing golden altar of the Shining One.
 20860 | Lair:4   | Noticed Rupert
 20866 | Lair:4   | Noticed Snorg
 20867 | Lair:4   | Killed Rupert
 20872 | Lair:4   | Killed Snorg
 20986 | Lair:4   | Found a frozen archway.
 20997 | Lair:4   | Reached XP level 14. HP: 44/82 MP: 34/34
 21018 | IceCv    | Entered an ice cave
 21615 | IceCv    | Reached skill level 15 in Spellcasting
 21839 | IceCv    | Noticed a frost giant
 21851 | IceCv    | Killed a frost giant
 22248 | IceCv    | Got a crude battleaxe
 22604 | IceCv    | Identified the +7 battleaxe of the Salmon {speed, rPois rC- Int+4 SInv} (You found it in an ice cave)
 23235 | Lair:4   | Found a staircase to the Shoals.
 23241 | Lair:4   | Reached skill level 1 in Shields
 24686 | Lair:5   | Reached skill level 5 in Shields
 24744 | Lair:5   | Found a staircase to the Slime Pits.
 25030 | Lair:6   | Entered Level 6 of the Lair of Beasts
 25992 | Lair:6   | Reached skill level 16 in Spellcasting
 26453 | Lair:6   | Offered knowledge of Bolt of Fire by Vehumet.
 26461 | Lair:6   | Learned a level 6 spell: Bolt of Fire
 26990 | Lair:6   | Reached XP level 15. HP: 86/86 MP: 37/37
 27297 | Lair:6   | Found a burning altar of Makhleb.
 27451 | Lair:6   | Found a gateway to Hell.
 27462 | Lair:6   | Got a spiked hat
 27477 | Lair:6   | Identified the +2 hat of the Salamander {-Tele rPois rF++} (You found it on level 6 of the Lair of Beasts)
 27743 | D:14     | Found a deep blue altar of Sif Muna.
 27834 | D:14     | Reached skill level 17 in Spellcasting
 28046 | D:14     | Reached skill level 15 in Conjurations
 28405 | D:14     | Found Exerphot's Gadget Shoppe.
 28408 | D:14     | Bought a wand of teleportation (3/9) for 252 gold pieces
 28502 | D:14     | Reached ****** piety under Vehumet
 28672 | D:14     | Offered knowledge of Delayed Fireball by Vehumet.
 28685 | D:14     | Learned a level 7 spell: Delayed Fireball
 28757 | D:14     | Found a gate to the Vaults.
 28824 | D:14     | Reached skill level 5 in Evocations
 29212 | D:15     | Entered Level 15 of the Dungeon
 29237 | D:15     | Noticed miragecloak's ghost (amateur FoAK)
 29239 | D:15     | Killed miragecloak's ghost
 29239 | D:15     | Reached skill level 18 in Spellcasting
 29656 | D:15     | Reached skill level 5 in Dodging
 30048 | D:15     | Reached skill level 5 in Armour
 30349 | D:15     | Found a staircase to the Depths.
 30534 | Orc:1    | Entered Level 1 of the Orcish Mines
 30696 | Orc:2    | Entered Level 2 of the Orcish Mines
 30696 | Orc:2    | Found a staircase to the Elven Halls.
 30865 | Orc:2    | Noticed an orc warlord
 30988 | Orc:1    | Killed an orc warlord
 31292 | Orc:2    | Offered knowledge of Poison Arrow by Vehumet.
 31529 | Orc:2    | Found Bomieb's Jewellery Emporium.
 31564 | Orc:2    | Noticed Saint Roka
 31620 | Orc:1    | Paralysed by an orc sorcerer for 4 turns
 31627 | Orc:1    | Slain by a troll

Skill      XL: |  1  2  3  4  5  6  7  8  9 10 11 12 13 14 15 |
---------------+----------------------------------------------+-----
Conjurations   | 5 6 7 9 10 11 12 14 15 | 15.4
Fighting       | 1 2 3 4 5 6 7 8 |  8.0
Spellcasting   | 4 5 6 8 10 11 13 14 16 18 | 18.0
Dodging        | 3 4 5 |  5.0
Charms         | 1 |  1.1
Armour         | 2 3 5 |  5.0
Fire Magic     | 7 13 16 | 16.1
Evocations     | 3 4 5 |  5.0
Shields        | 5 |  5.0
Stealth        | 3 |  3.0

Action                   |  1- 3 |  4- 6 |  7- 9 | 10-12 | 13-15 || total
-------------------------+-------+-------+-------+-------+-------++-------
Melee: Short sword       |     6 |     1 |     9 |    14 |       ||    30
       Staff             |       |       |       |       |     1 ||     1
 Cast: Magic Dart        |    68 |   102 |   206 |   204 |   176 ||   756
       Searing Ray       |     1 |     9 |    26 |    17 |     6 ||    59
       Iskenderun's Myst |       |    11 |    93 |   232 |   522 ||   858
       Iskenderun's Batt |       |       |     9 |    70 |   161 ||   240
       Blink             |       |       |       |       |    17 ||    17
       Mephitic Cloud    |       |       |       |       |    20 ||    20
       Bolt of Magma     |       |       |       |       |    34 ||    34
       Repel Missiles    |       |       |       |       |     3 ||     3
       Bolt of Fire      |       |       |       |       |    36 ||    36
       Fulminant Prism   |       |       |       |       |     1 ||     1
       Delayed Fireball  |       |       |       |       |     2 ||     2
 Abil: Release Delayed F |       |       |       |       |     1 ||     1
  Use: Scroll            |       |       |     5 |     5 |    10 ||    20
       Potion            |       |       |     1 |     3 |     4 ||     8
  Eat: Chunk             |     1 |     6 |    17 |    25 |    48 ||    97
       Fruit             |       |       |     3 |     4 |     1 ||     8
       Royal jelly       |       |       |       |     1 |     1 ||     2
       Pizza             |       |       |       |       |     2 ||     2
       Beef jerky        |       |       |       |       |     1 ||     1
Armor: Robe              |     3 |       |       |       |       ||     3
       Leather armour    |       |       |    11 |    21 |    60 ||    92
Dodge: Dodged            |     9 |    11 |    51 |    39 |   139 ||   249
       Deflected         |       |       |       |       |     8 ||     8
Block: Buckler           |       |       |       |       |    35 ||    35
